Workbook

Sheet Préambule
B2: Les cases à remplir sont sur fond blanc, les cases avec un fond coloré contiennent des calculs automatiques.
B3: Si vous devez ajouter des lignes dans une rubrique, faites-le au milieu de la colonne et pour la ligne entière, afin que la prise en compte soit faite automatiquement dans les calculs. Vérifiez bien que ce soit le cas.
B4: Le nombre d'heures de formation utilisé dans les calculs se comprends comme le nombre d'heures que représente la formation et non le nombre d'heures dispensées : une formation dont la durée est de 7h données dix fois comptera comme 7h dans le calcul, pas comme 70h.
B5: Si vous devez créer des nouvelles feuilles de formation, copiez-en une, renommez la et assurez-vous que le nom soit exactement identique dans la feuille "frais directs".
B6: Les formations sont actuellements classées par ordre alphabétique.

Sheet Total général
B2: Total général | D2: Prévisionnel | E2: Réel
C3: Nombre d'heures de formation total | D3: =SUM('Ne pas déplacer 1:Ne pas déplacer 2'!J3) -> 0 | E3: =SUM('Ne pas déplacer 1:Ne pas déplacer 2'!K3) -> 0
C4: Nombre de participants | D4: =SUM('Ne pas déplacer 1:Ne pas déplacer 2'!J4) -> 0 | E4: =SUM('Ne pas déplacer 1:Ne pas déplacer 2'!K4) -> 0
C6: Prévisionnel | D6: Réel | E6: Différence
B8: Frais directs de formation | C8: ='Frais directs'!C62 -> 20 | D8: ='Frais directs'!D62 -> 30 | E8: =D8-C8 -> 10
B9: Frais de gestion et coordination | C9: ='Frais gestion & coordination'!D29 -> 0 | D9: ='Frais gestion & coordination'!E29 -> 0 | E9: =D9-C9 -> 0
B10: Total coûts de formation | C10: =SUM(C8:C9) -> 20 | D10: =SUM(D8:D9) -> 30 | E10: =D10-C10 -> 10
B12: Coût par heure de formation | C12: =C10/D3 -> #DIV/0! | D12: =D10/E3 -> #DIV/0! | E12: =D12-C12 -> #DIV/0!
B13: Coût par participant | C13: =C10/D4 -> #DIV/0! | D13: =D10/E4 -> #DIV/0! | E13: =D13-C13 -> #DIV/0!
B15: Recette totale | C15: ='Frais directs'!E62 -> 50 | D15: ='Frais directs'!F62 -> 40 | E15: =D15-C15 -> -10
B16: Dont subventions | C16: ='Frais directs'!G62 -> 50 | D16: ='Frais directs'!H62 -> 40 | E16: =D16-C16 -> -10
B18: Solde général | C18: =C15-C10 -> 30 | D18: =D15-D10 -> 10 | E18: =D18-C18 -> -20
B19: Solde moyen par heure de formation | C19: =C18/D3 -> #DIV/0! | D19: =D18/E3 -> #DIV/0! | E19: =D19-C19 -> #DIV/0!
B20: Solde moyen par participant | C20: =C18/D4 -> #DIV/0! | D20: =D18/E4 -> #DIV/0! | E20: =D20-C20 -> #DIV/0!

Sheet Frais gestion & coordination
B2: Frais de gestion et de coordination | D2: Prévisionnel | E2: Réel
C3: Nombre d'heures de formation total | D3: =SUM('Ne pas déplacer 1:Ne pas déplacer 2'!J3) -> 0 | E3: =SUM('Ne pas déplacer 1:Ne pas déplacer 2'!K3) -> 0
C4: Nombre de participants | D4: =SUM('Ne pas déplacer 1:Ne pas déplacer 2'!J4) -> 0 | E4: =SUM('Ne pas déplacer 1:Ne pas déplacer 2'!K4) -> 0
B7: Grand livre | C7: Nature des charges | D7: Prévisionnel | E7: Réel | F7: Différence
C9: Autres | F9: =E9-D9 -> 0
C10: Autres | F10: =E10-D10 -> 0
C11: Autres | F11: =E11-D11 -> 0
C12: Autres | F12: =E12-D12 -> 0
C13: Autres | F13: =E13-D13 -> 0
C14: Autres | F14: =E14-D14 -> 0
C15: Autres | F15: =E15-D15 -> 0
C16: Autres | F16: =E16-D16 -> 0
C17: Autres | F17: =E17-D17 -> 0
C18: Autres | F18: =E18-D18 -> 0
C19: Autres | F19: =E19-D19 -> 0
C20: Autres | F20: =E20-D20 -> 0
... C26: Autres | F26: =E26-D26 -> 0
C29: Total frais gestion et coordination | D29: =SUM(D9:D26) -> 0 | E29: =SUM(E9:E26) -> 0 | F29: =E29-D29 -> 0
C31: Frais de gestion et coordination moyens par heure de formation | D31: =D29/D3 -> #DIV/0! | E31: =E29/E3 -> #DIV/0! | F31: =E31-D31 -> #DIV/0!
C32: Frais de gestion et coordination par participant | D32: =D29/D4 -> #DIV/0! | E32: =E29/E4 -> #DIV/0! | F32: =E32-D32 -> #DIV/0!

Sheet Frais directs
B2: Total frais directs | I2: Tarif formateur | J2: 1
E3: Prévisionnel | F3: Réalisé | I3: Tarif instructeur | J3: 1
D4: Nombre d'heures de formation | E4: =SUM('Ne pas déplacer 1:Ne pas déplacer 2'!J3) -> 0 | F4: =SUM('Ne pas déplacer 1:Ne pas déplacer 2'!K3) -> 0 | I4: Allocation repas déjeuner | J4: 1
D5: Nombre de participants | E5: =SUM('Ne pas déplacer 1:Ne pas déplacer 2'!J4) -> 0 | F5: =SUM('Ne pas déplacer 1:Ne pas déplacer 2'!K4) -> 0 | I5: Allocation repas dîner | J5: 1
I6: Allocation repas souper | J6: 1
I7: Indemnité kilométrique | J7: 1
I8: Allocation de transport par heure | J8: 1
B10: Formation | C10: Frais directs prévisionnels | D10: Frais directs réels | E10: Recettes prévisionnelles | F10: Recettes réelles | G10: Dont subvention prévisionnelle | H10: Dont subvention réelle
B11: Formation 1 | C11: {=INDIRECT("'"&$B11&"'!J172")} -> 20 | D11: {=INDIRECT("'"&$B11&"'!K172")} -> 30 | E11: {=INDIRECT("'"&$B11&"'!J174")} -> 50 | F11: {=INDIRECT("'"&$B11&"'!K174")} -> 40 | G11: {=(INDIRECT("'"&$B11&"'!J161"))} -> 50 | H11: {=(INDIRECT("'"&$B11&"'!K161"))} -> 40
B62: Total frais direct | C62: =SUM(C11:C60) -> 20 | D62: =SUM(D11:D60) -> 30 | E62: =SUM(E11:E60) -> 50 | F62: =SUM(F11:F60) -> 40 | G62: =SUM(G11:G60) -> 50 | H62: =SUM(H11:H60) -> 40
B64: Frais directs moyens par heure de formation | C64: =C62/E4 -> #DIV/0! | D64: =D62/F4 -> #DIV/0! | E64: =E62/E4 -> #DIV/0! | F64: =F62/F4 -> #DIV/0! | G64: =G62/E4 -> #DIV/0! | H64: =H62/F4 -> #DIV/0!
B65: Frais directs moyens par participant | C65: =C62/E5 -> #DIV/0! | D65: =D62/F5 -> #DIV/0! | E65: =E62/E5 -> #DIV/0! | F65: =F62/F5 -> #DIV/0! | G65: =G62/E5 -> #DIV/0! | H65: =H62/F5 -> #DIV/0!

Sheet Ne pas déplacer 1

Sheet Formation 1
J2: Prévisionnel | K2: Réel
I3: Durée de la formation (nombre d'heures pour une session)
I4: Nombre de participants
B7: Catégorie | C7: Grand livre | D7: Nature des charges | E7: Nombre d'heures (prévisionnel) | F7: Nombre d'heures (réel) | G7: Taux horaire | J7: Prévisionnel | K7: Réel | L7: Différence
B9: Honoraires intervenants | D9: Elaboration de contenu | E9: 20 | F9: 30 | G9: ='Frais directs'!$J$2 -> 1 | J9: =E9*G9 -> 20 | K9: =F9*G9 -> 30 | L9: =K9-J9 -> 10
D10: Travail préparatoire | G10: ='Frais directs'!$J$2 -> 1 | J10: =E10*G10 -> 0 | K10: =F10*G10 -> 0 | L10: =K10-J10 -> 0
D11: Diffusion de la formation | G11: ='Frais directs'!$J$2 -> 1 | J11: =E11*G11 -> 0 | K11: =F11*G11 -> 0 | L11: =K11-J11 -> 0
D12: Autres (préciser) | G12: ='Frais directs'!$J$2 -> 1 | J12: =E12*G12 -> 0 | K12: =F12*G12 -> 0 | L12: =K12-J12 -> 0
D13: Autres (préciser) | G13: ='Frais directs'!$J$2 -> 1 | J13: =E13*G13 -> 0 | K13: =F13*G13 -> 0 | L13: =K13-J13 -> 0
D14: Sous-total formateur | E14: =SUM(E9:E13) -> 20 | F14: =SUM(F9:F13) -> 30 | J14: =SUM(J9:J13) -> 20 | K14: =SUM(K9:K13) -> 30 | L14: =K14-J14 -> 10
D16: Elaboration de contenu | J16: =E16*G16 -> 0 | K16: =F16*G16 -> 0 | L16: =K16-J16 -> 0
D17: Autres (préciser) | J17: =E17*G17 -> 0 | K17: =F17*G17 -> 0 | L17: =K17-J17 -> 0
D18: Autres (préciser) | J18: =E18*G18 -> 0 | K18: =F18*G18 -> 0 | L18: =K18-J18 -> 0
D19: Sous-total consultant | E19: =SUM(E16:E18) -> 0 | F19: =SUM(F16:F18) -> 0 | J19: =SUM(J16:J18) -> 0 | K19: =SUM(K16:K18) -> 0 | L19: =K19-J19 -> 0
D21: Travail préparatoire | G21: ='Frais directs'!$J$3 -> 1 | J21: =E21*G21 -> 0 | K21: =F21*G21 -> 0 | L21: =K21-J21 -> 0
D22: Diffusion de la formation | G22: ='Frais directs'!$J$3 -> 1 | J22: =E22*G22 -> 0 | K22: =F22*G22 -> 0 | L22: =K22-J22 -> 0
D23: Autres (préciser) | G23: ='Frais directs'!$J$3 -> 1 | J23: =E23*G23 -> 0 | K23: =F23*G23 -> 0 | L23: =K23-J23 -> 0
D24: Autres (préciser) | G24: ='Frais directs'!$J$3 -> 1 | J24: =E24*G24 -> 0 | K24: =F24*G24 -> 0 | L24: =K24-J24 -> 0
D25: Sous-total instructeur | E25: =SUM(E21:E24) -> 0 | F25: =SUM(F21:F24) -> 0 | J25: =SUM(J21:J24) -> 0 | K25: =SUM(K21:K24) -> 0 | L25: =K25-J25 -> 0
D27: Diffusion de la formation | J27: =E27*G27 -> 0 | K27: =F27*G27 -> 0 | L27: =K27-J27 -> 0
D28: Autres (préciser) | J28: =E28*G28 -> 0 | K28: =F28*G28 -> 0 | L28: =K28-J28 -> 0
D29: Autres (préciser) | J29: =E29*G29 -> 0 | K29: =F29*G29 -> 0 | L29: =K29-J29 -> 0
D30: Sous-total comédiens | E30: =SUM(E27:E29) -> 0 | F30: =SUM(F27:F29) -> 0 | J30: =SUM(J27:J29) -> 0 | K30: =SUM(K27:K29) -> 0 | L30: =K30-J30 -> 0
D32: Travail préparatoire | J32: =E32*G32 -> 0 | K32: =F32*G32 -> 0 | L32: =K32-J32 -> 0
D33: Diffusion de la formation | J33: =E33*G33 -> 0 | K33: =F33*G33 -> 0 | L33: =K33-J33 -> 0
D34: Autres (préciser) | J34: =E34*G34 -> 0 | K34: =F34*G34 -> 0 | L34: =K34-J34 -> 0
D35: Sous-total invité | E35: =SUM(E32:E34) -> 0 | F35: =SUM(F32:F34) -> 0 | J35: =SUM(J32:J34) -> 0 | K35: =SUM(K32:K34) -> 0 | L35: =K35-J35 -> 0
D37: Autres (préciser) | J37: =E37*G37 -> 0 | K37: =F37*G37 -> 0 | L37: =K37-J37 -> 0
D38: Autres (préciser) | J38: =E38*G38 -> 0 | K38: =F38*G38 -> 0 | L38: =K38-J38 -> 0
D39: Autres (préciser) | J39: =E39*G39 -> 0 | K39: =F39*G39 -> 0 | L39: =K39-J39 -> 0
D40: Sous-total autres | E40: =SUM(E37) -> 0 | F40: =SUM(F37) -> 0 | J40: =SUM(J37) -> 0 | K40: =SUM(K37) -> 0 | L40: =K40-J40 -> 0
D43: Total honoraires intervenants | E43: =SUM(E14+E19+E25+E30+E35+E40) -> 20 | F43: =SUM(F14+F19+F25+F30+F35+F40) -> 30 | J43: =SUM(J40+J35+J30+J25+J19+J14) -> 20 | K43: =SUM(K40+K35+K30+K25+K19+K14) -> 30 | L43: =K43-J43 -> 10
B46: Catégorie | C46: Grand livre | D46: Nature des charges | E46: Quantité (prévisionnel) | F46: Quantité (réel) | G46: Montant prévisonnel ou coût journalier/horaire | H46: Montant réel ou coût journalier/horaire | J46: Prévisionnel | K46: Réel | L46: Différence
B49: Frais intervenants (hébergement) | D49: Hébergement (préciser) | J49: =E49*G49 -> 0 | K49: =F49*H49 -> 0 | L49: =K49-J49 -> 0
D50: Hébergement (préciser) | J50: =E50*G50 -> 0 | K50: =F50*H50 -> 0 | L50: =K50-J50 -> 0
D51: Hébergement (préciser) | J51: =E51*G51 -> 0 | K51: =F51*H51 -> 0 | L51: =K51-J51 -> 0
D52: Hébergement (préciser) | J52: =E52*G52 -> 0 | K52: =F52*H52 -> 0 | L52: =K52-J52 -> 0
D53: Sous-total hébergement | E53: =SUM(E49:E52) -> 0 | F53: =SUM(F49:F52) -> 0 | J53: =SUM(J49:J52) -> 0 | K53: =SUM(K49:K52) -> 0 | L53: =K53-J53 -> 0
B56: Frais intervenants (transport) | D56: Stationnement | J56: =E56*G56 -> 0 | K56: =F56*H56 -> 0 | L56: =K56-J56 -> 0
D57: Stationnement | J57: =E57*G57 -> 0 | K57: =F57*H57 -> 0 | L57: =K57-J57 -> 0
D58: Stationnement | J58: =E58*G58 -> 0 | K58: =F58*H58 -> 0 | L58: =K58-J58 -> 0
D59: Sous-total stationnement | E59: =SUM(E56:E58) -> 0 | F59: =SUM(F56:F58) -> 0 | G59: =SUM(G56:G58) -> 0 | H59: =SUM(H56:H58) -> 0 | J59: =SUM(J56:J58) -> 0 | K59: =SUM(K56:K58) -> 0 | L59: =K59-J59 -> 0
D61: Indemnité kilométrique | H61: ='Frais directs'!$J$7 -> 1 | J61: =E61*H61 -> 0 | K61: =F61*H61 -> 0 | L61: =K61-J61 -> 0
D62: Indemnité kilométrique | H62: ='Frais directs'!$J$7 -> 1 | J62: =E62*H62 -> 0 | K62: =F62*H62 -> 0 | L62: =K62-J62 -> 0
D63: Indemnité kilométrique | H63: ='Frais directs'!$J$7 -> 1 | J63: =E63*H63 -> 0 | K63: =F63*H63 -> 0 | L63: =K63-J63 -> 0
D64: Sous-total indemnité kilométrique | E64: =SUM(E63) -> 0 | F64: =SUM(F63) -> 0 | J64: =SUM(J61:J63) -> 0 | K64: =SUM(K61:K63) -> 0 | L64: =K64-J64 -> 0
D66: Essence location | L66: =K66-J66 -> 0
D67: Essence location | L67: =K67-J67 -> 0
D68: Essence location | L68: =K68-J68 -> 0
D69: Sous-total essence | J69: =SUM(J66:J68) -> 0 | K69: =SUM(K66:K68) -> 0 | L69: =K69-J69 -> 0
D71: Frais location | J71: =E71*G71 -> 0 | K71: =F71*H71 -> 0 | L71: =K71-J71 -> 0
D72: Frais location | J72: =E72*G72 -> 0 | K72: =F72*H72 -> 0 | L72: =K72-J72 -> 0
D73: Frais location | J73: =E73*G73 -> 0 | K73: =F73*H73 -> 0 | L73: =K73-J73 -> 0
D74: Sous-total frais location | E74: =SUM(E71:E73) -> 0 | F74: =SUM(F71:F73) -> 0 | J74: =SUM(J71:J73) -> 0 | K74: =SUM(K71:K73) -> 0 | L74: =K74-J74 -> 0
D76: Avion | L76: =K76-J76 -> 0
D77: Autobus | L77: =K77-J77 -> 0
D78: Train | L78: =K78-J78 -> 0
D79: Réseaux métropolitains | L79: =K79-J79 -> 0
D80: Bateaux (traversiers, etc…) | L80: =K80-J80 -> 0
D81: Sous-total transports collectifs | J81: =SUM(J76:J80) -> 0 | K81: =SUM(K76:K80) -> 0 | L81: =K81-J81 -> 0
D83: Allocation de transport par heure | H83: ='Frais directs'!J$8 -> 1 | J83: =E83*H83 -> 0 | K83: =F83*H83 -> 0 | L83: =K83-J83 -> 0
D84: Allocation de transport par heure | H84: ='Frais directs'!J$8 -> 1 | J84: =E84*H84 -> 0 | K84: =F84*H84 -> 0 | L84: =K84-J84 -> 0
D85: Allocation de transport par heure | H85: ='Frais directs'!J$8 -> 1 | J85: =E85*H85 -> 0 | K85: =F85*H85 -> 0 | L85: =K85-J85 -> 0
D86: Allocation de transport par heure | H86: ='Frais directs'!J$8 -> 1 | J86: =E86*H86 -> 0 | K86: =F86*H86 -> 0 | L86: =K86-J86 -> 0
D87: Sous-total allocation de transport | E87: =SUM(E83) -> 0 | F87: =SUM(F83) -> 0 | J87: =SUM(J83:J86) -> 0 | K87: =SUM(K83:K86) -> 0 | L87: =K87-J87 -> 0
D90: Sous-total transport | J90: =SUM(J59+J64+J69+J74+J81+J87) -> 0 | K90: =SUM(K59+K64+K69+K74+K81+K87) -> 0 | L90: =K90-J90 -> 0
B92: Frais intervenants (repas) | D92: Déjeuner | H92: ='Frais directs'!$J4 -> 1 | J92: =E92*H92 -> 0 | K92: =F92*H92 -> 0 | L92: =K92-J92 -> 0
D93: Dîner | H93: ='Frais directs'!$J5 -> 1 | J93: =E93*H93 -> 0 | K93: =F93*H93 -> 0 | L93: =K93-J93 -> 0
D94: Souper | H94: ='Frais directs'!$J6 -> 1 | J94: =E94*H94 -> 0 | K94: =F94*H94 -> 0 | L94: =K94-J94 -> 0
D95: Sous-total allocation de repas | J95: =SUM(J92:J94) -> 0 | K95: =SUM(K92:K94) -> 0 | L95: =K95-J95 -> 0
D98: Total frais intervenants | J98: =SUM(J95+J90+J53) -> 0 | K98: =SUM(K95+K90+K53) -> 0 | L98: =K98-J98 -> 0
B101: Catégorie | C101: Grand livre | D101: Nature des charges | E101: Quantité (prévisionnel) | F101: Quantité (réel) | G101: Montant prévisonnel ou coût journalier/horaire | H101: Montant réel ou coût journalier/horaire | J101: Prévisionnel | K101: Réel | L101: Différence
B103: Frais organisation
D104: Location de salle | J104: =E104*G104 -> 0 | K104: =F104*H104 -> 0 | L104: =K104-J104 -> 0
D105: Location de salle | J105: =E105*G105 -> 0 | K105: =F105*H105 -> 0 | L105: =K105-J105 -> 0
D106: Location de salle | J106: =E106*G106 -> 0 | K106: =F106*H106 -> 0 | L106: =K106-J106 -> 0
D107: Location de salle | J107: =E107*G107 -> 0 | K107: =F107*H107 -> 0 | L107: =K107-J107 -> 0
D108: Sous-total location de salle/studio | E108: =SUM(E104:E107) -> 0 | F108: =SUM(F104:F107) -> 0 | J108: =SUM(J104:J107) -> 0 | K108: =SUM(K104:K107) -> 0 | L108: =K108-J108 -> 0
D110: Location équipements | L110: =K110-J110 -> 0
D111: Location équipements | L111: =K111-J111 -> 0
D112: Location équipements | L112: =K112-J112 -> 0
D113: Achat équipements | L113: =K113-J113 -> 0
D114: Achat équipements | L114: =K114-J114 -> 0
D115: Sous-total équipements | J115: =SUM(J110:J114) -> 0 | K115: =SUM(K110:K114) -> 0 | L115: =K115-J115 -> 0
D117: Transport d'équipements | L117: =K117-J117 -> 0
D118: Transport d'équipements | L118: =K118-J118 -> 0
D119: Transport d'équipements | L119: =K119-J119 -> 0
D120: Transport d'équipements | L120: =K120-J120 -> 0
D121: Sous-total transport d'équipements | J121: =SUM(J117:J120) -> 0 | K121: =SUM(K117:K120) -> 0 | L121: =K121-J121 -> 0
D123: Assurance équipements | L123: =K123-J123 -> 0
D124: Assurance équipements | L124: =K124-J124 -> 0
D125: Assurance équipements | L125: =K125-J125 -> 0
D126: Assurance équipements | L126: =K126-J126 -> 0
D127: Sous-total assurance équipements | J127: =SUM(J123:J126) -> 0 | K127: =SUM(K123:K126) -> 0 | L127: =K127-J127 -> 0
D129: Craft | L129: =K129-J129 -> 0
D130: Craft | L130: =K130-J130 -> 0
D131: Craft | L131: =K131-J131 -> 0
D132: Craft | L132: =K132-J132 -> 0
D133: Sous-total craft | J133: =SUM(J129:J132) -> 0 | K133: =SUM(K129:K132) -> 0 | L133: =K133-J133 -> 0
D135: Préposé externe (nombre d'heures) | J135: =E135*G135 -> 0 | K135: =F135*H135 -> 0 | L135: =K135-J135 -> 0
...

Sheet Ne pas déplacer 2
